[Event "*** Titled Tuesday Blitz"]
[Site "Chess.com"]
[Date "2020.04.14"]
[Round "9"]
[White "Duong57"]
[Black "jaskol95"]
[Result "1-0"]
[WhiteElo "2231"]
[BlackElo "2376"]
[TimeControl "180+1"]
[EndTime "11:39:50 PDT"]
[Termination "Duong57 won by resignation"]

1. d4 Nf6 2. c4 g6 3. Nc3 d5 4.
Bg5 Ne4 5. Bh4 c6 6. e3 Bg7 7.
Bd3 Nxc3 8. bxc3 dxc4 9. Bxc4 b5 10. Bb3 c5 11. Bxf7+ Kxf7 12. Qf3+ Bf5 13. Qxa8 cxd4 14. Nf3 dxc3 15. Rd1 c2 16. Ng5+ Kf6 17. Ne4+ Kf7 18. Rxd8 c1=Q+ 19. Rd1 Qc2 20. Qd5+ Ke8 21. Qd8+ Kf7 22.
Qxe7+ Kg8 23. Rd8+ 1-0

[Event "*** Titled Tuesday Blitz"]
[Site "Chess.com"]
[Date "2020.04.14"]
[Round "9"]
[White "tandaleo"]
[Black "2008king"]
[Result "1-0"]
[WhiteElo "2334"]
[BlackElo "2041"]
[TimeControl "180+1"]
[EndTime "11:39:50 PDT"]
[Termination "tandaleo won by checkmate"]

1. d4 d5 2. Bf4 Nf6 3. e3 e6 4. c3 Bd6 5. Bg3 O-O 6. Nd2 c5 7. f4 Nc6 8. Ngf3 b6 9. Bd3 Bb7 10. O-O Ne7 11. Bh4 Ne4 12. Ne5 f6 13. Nxe4 dxe4 14.
Bc4 fxe5 15. Bxe6+ Kh8 16. fxe5 Bc7 17. Qh5 Qe8 18. Rxf8+ Qxf8 19. Rf1 Qe8 20. Qxe8+ Rxe8 21. Bxe7 cxd4 22. cxd4 h5 23. Rf8+ Rxf8 24. Bxf8 Bd8 25. Kf2 Kh7 26. Bf7 Bh4+ 27. g3 Bg5 28. e6 Bd5 29. h4 Bf6 30. a3 a5 31. b4 axb4 32. axb4 b5 33. Kg2 Kh8 34. Kh3 Kh7 35. g4 g6 36. g5 Bg7 37. Bxg7 Kxg7 38. Kg3 Kf8 39. Kf4 Ke7 40. Ke5 Bc4 41. d5 Bb3 42.
d6+ Kf8 43. Kf6 Bxe6 44. Kxe6 Kg7 45. d7 Kh7 46. d8=Q Kg7 47. Qg8# 1-0

[Event "*** Titled Tuesday Blitz"]
[Site "Chess.com"]
[Date "2020.04.14"]
[Round "9"]
[White "GamayevOleg"]
[Black "Manukyan_Artak"]
[Result "1-0"]
[WhiteElo "2525"]
[BlackElo "2337"]
[TimeControl "180+1"]
[EndTime "11:39:54 PDT"]
[Termination "GamayevOleg won by resignation"]

1. d3 d5 2. e4 dxe4 3. dxe4 Qxd1+ 4. Kxd1 Nf6 5. f3 e5 6. Nd2 Be6 7. c3 Nbd7 8. Bc4 Nb6 9. Bxe6 fxe6 10. Kc2 Bc5 11.
Nb3 Bd6 12. Ne2 a5 13. a4 Ke7 14. Be3 Nbd7 15. Rhd1 b6 16. Bg5 h6 17. Bxf6+ gxf6 18. Rd2 h5 19. Rad1 h4 20. g3 hxg3 21. hxg3 Rh2 22.
Nec1 Rah8 23. Rxh2 Rxh2+ 24. Rd2 Rh1 25. Rd1 Rh2+ 26.
Rd2 Rh1 27. Rg2 f5 28. Nd2 Bc5 29. Nd3 Be3 30. Nc4 Kf6 31. Nxe3 Kg5 32. exf5 exf5 33. f4+ Kf6 34. fxe5+ Nxe5 35. Rf2 1-0

[Event "*** Titled Tuesday Blitz"]
[Site "Chess.com"]
[Date "2020.04.14"]
[Round "9"]
[White "AlexTriapishko"]
[Black "SanQui14"]
[Result "1-0"]
[WhiteElo "2788"]
[BlackElo "2327"]
[TimeControl "180+1"]
[EndTime "11:39:54 PDT"]
[Termination "AlexTriapishko won by resignation"]

1. d4 Nf6 2. c4 e6 3. Nf3 Bb4+ 4.
Bd2 Be7 5. g3 O-O 6. Bg2 d5 7.
O-O dxc4 8. Qc2 a6 9. Qxc4 b5 10. Qc2 Bb7 11. Rc1 Bd6 12. e3 Nbd7 13. Ba5 Rc8 14.
Nbd2 Qe7 15. Nb3 c5 16. dxc5 Nxc5 17. Nxc5 Rxc5 18. Qd1 Rfc8 19. Rxc5 Rxc5 20. Rc1 h6 21. Rxc5 Bxc5 22. a3 Qd7 23. Qxd7 Nxd7 24. Ne5 Nxe5 25. Bxb7 Nd3 26. b4 Be7 27. Bxa6 Ne5 28. Bxb5 Bf6 29. Bc7 1-0

[Event "*** Titled Tuesday Blitz"]
[Site "Chess.com"]
[Date "2020.04.14"]
[Round "9"]
[White "StoreySniper"]
[Black "Casablanca"]
[Result "1-0"]
[WhiteElo "2512"]
[BlackElo "2355"]
[TimeControl "180+1"]
[EndTime "11:39:55 PDT"]
[Termination "StoreySniper won by resignation"]

1. g3 d5 2. Bg2 Nf6 3. c4 dxc4 4. Qa4+ Bd7 5. Qxc4 Bc6 6. Nf3 Nbd7 7. Nc3 e6 8. d4 Be7 9. O-O O-O 10. Bg5 h6 11. Bxf6 Nxf6 12. Rac1 Rc8 13. Qd3 Nd5 14. Nxd5 Bxd5 15. e4 Bc6 16. Ne5 Be8 17. Rfd1 a6 18. Qb3 b6 19. d5 exd5 20. Rxd5 Bd6 21. Ng6 Qg5 22. Rxg5 hxg5 23. Nxf8 1-0

[Event "*** Titled Tuesday Blitz"]
[Site "Chess.com"]
[Date "2020.04.14"]
[Round "9"]
[White "zacachess"]
[Black "Stormeman100100"]
[Result "0-1"]
[WhiteElo "2280"]
[BlackElo "2448"]
[TimeControl "180+1"]
[EndTime "11:40:02 PDT"]
[Termination "Stormeman100100 won by checkmate"]

1. e4 c6 2. d4 d5 3. Nc3 dxe4 4. Nxe4 Nf6 5. Nxf6+ exf6 6. Nf3 Bd6 7. Bd3 Bg4 8. O-O O-O 9. h3 Bh5 10. c3 Nd7 11. b4 Nb6 12. Be3 Nd5 13. Qd2 Bxf3 14. gxf3 Qd7 15. Kg2 f5 16. Qc2 g6 17. Bh6 Qe7 18. Bxf8 Rxf8 19. Bxf5 gxf5 20. Qxf5 Kh8 21. Rae1 Qh4 22. Re4 Nf4+ 23. Kh1 Rg8 24. Rg1 Rxg1+ 25. Kxg1 Nxh3+ 26. Kg2 Qxf2+ 27. Kxh3 Qg3# 0-1

[Event "*** Titled Tuesday Blitz"]
[Site "Chess.com"]
[Date "2020.04.14"]
[Round "9"]
[White "mirochka"]
[Black "MasterKroket"]
[Result "0-1"]
[WhiteElo "2238"]
[BlackElo "2434"]
[TimeControl "180+1"]
[EndTime "11:40:07 PDT"]
[Termination "MasterKroket won by resignation"]

1. e4 c5 2. b4 cxb4 3. a3 d5 4. exd5 Qxd5 5. Nf3 e5 6. Bb2 Nc6 7. c4 bxc3 8. Nxc3 Qd8 9. Bb5 Bd6 10. Ne4 Nf6 11. Nxd6+ Qxd6 12. Bxe5 Qc5 13. Bxf6 Qxb5 14.
Bxg7 Rg8 15. Bc3 Rxg2 16. Qe2+ Qxe2+ 17. Kxe2 Be6 18. Rab1 O-O-O 19. Rhg1 Bc4+ 20. Ke3 Rd3+ 21. Kf4 Rxf2 22. Rg8+ Kc7 23. Rg3 Bd5 24. Be5+ Nxe5 25. Kxe5 Rfxf3 0-1

[Event "*** Titled Tuesday Blitz"]
[Site "Chess.com"]
[Date "2020.04.14"]
[Round "9"]
[White "ljuks68"]
[Black "HarryCun"]
[Result "1-0"]
[WhiteElo "2351"]
[BlackElo "2141"]
[TimeControl "180+1"]
[EndTime "11:40:08 PDT"]
[Termination "ljuks68 won by resignation"]

1. e4 c6 2. d4 d5 3. e5 Bf5 4.
Nd2 e6 5. Nb3 Ne7 6. Nf3 Nd7 7.
Be2 c5 8. dxc5 Nc6 9. Nbd4 Nxd4 10. Nxd4 Bxc5 11. Nxf5 exf5 12. Qxd5 Qe7 13. Bb5 O-O-O 14.
O-O Qxe5 15. Bxd7+ Rxd7 16. Qxe5 Rhd8 17. Bf4 1-0

[Event "*** Titled Tuesday Blitz"]
[Site "Chess.com"]
[Date "2020.04.14"]
[Round "9"]
[White "NormWeinstein"]
[Black "1lec"]
[Result "1-0"]
[WhiteElo "2359"]
[BlackElo "2153"]
[TimeControl "180+1"]
[EndTime "11:40:10 PDT"]
[Termination "NormWeinstein won by resignation"]

1. e4 c5 2. Nf3 d6 3. Nc3 Nf6 4.
e5 dxe5 5. Nxe5 a6 6. g3 Nbd7 7.
d4 cxd4 8. Qxd4 Nxe5 9. Qxe5 e6 10.
Bf4 Be7 11. Bg2 O-O 12. O-O Qb6 13. Na4 Qb4 14. b3 Nd5 15. Bxd5 Bf6 16. Qe4 Qe7 17. Rae1 1-0

[Event "*** Titled Tuesday Blitz"]
[Site "Chess.com"]
[Date "2020.04.14"]
[Round "9"]
[White "binbin239"]
[Black "silverback96"]
[Result "1-0"]
[WhiteElo "2473"]
[BlackElo "2233"]
[TimeControl "180+1"]
[EndTime "11:40:12 PDT"]
[Termination "binbin239 won by checkmate"]

1. d4 Nf6 2. c4 c5 3. Nf3 cxd4 4. Nxd4 e5 5. Nb5 d5 6. cxd5 Bc5 7. N5c3 O-O 8. g3 Qb6 9. e3 e4 10. Bg2 Bf5 11. O-O Nbd7 12. Nd2 Rfe8 13. Na4 Qa6 14.
Nxc5 Nxc5 15. Nb3 Nd3 16. Nd4 Bg6 17. Bd2 Nxb2 18. Qb3 Nd3 19. Rab1 b6 20. Nc6 Nd7 21. Bc3 N7c5 22. Qc2 Qc4 23. Rfd1 Qxd5 24. Nb4 Qf5 25. Bd4 Nxb4 26. Rxb4 Nd3 27. Rc4 Rac8 28. Qa4 Rxc4 29. Qxe8# 1-0

[Event "*** Titled Tuesday Blitz"]
[Site "Chess.com"]
[Date "2020.04.14"]
[Round "9"]
[White "BilguunSu"]
[Black "iulik86"]
[Result "1-0"]
[WhiteElo "2728"]
[BlackElo "2539"]
[TimeControl "180+1"]
[EndTime "11:40:16 PDT"]
[Termination "BilguunSu won by resignation"]

1. e4 c6 2. Nf3 d5 3. Nc3 a6 4. d4 Bg4 5. Be2 e6 6. h3 Bh5 7. O-O Nf6 8. e5 Nfd7 9. Ne1 Bg6 10. Bd3 c5 11. Ne2 cxd4 12. f4 Bxd3 13. cxd3 g6 14.
Nf3 Nc6 15. Kh2 h5 16. Nexd4 Nxd4 17. Nxd4 Bc5 18. Nf3 h4 19. Bd2 Rc8 20. Rc1 O-O 21.
Be1 Be7 22. Rxc8 Qxc8 23. Bxh4 Bxh4 24. Nxh4 Qc5 25. Nf3 Rc8 26. Ng5 Qc2 27. Qg4 Qxd3 28. Qh4 Nf8 29. Rf3 Qd2 30. f5 Qxb2 31. Nxf7 exf5 32.
Qh8+ Kxf7 33. e6+ 1-0

[Event "*** Titled Tuesday Blitz"]
[Site "Chess.com"]
[Date "2020.04.14"]
[Round "9"]
[White "Arjun2002"]
[Black "karinachess1"]
[Result "1-0"]
[WhiteElo "2642"]
[BlackElo "2488"]
[TimeControl "180+1"]
[EndTime "11:40:18 PDT"]
[Termination "Arjun2002 won by checkmate"]

1. e4 c5 2. Nf3 e6 3. d4 cxd4 4. Nxd4 a6 5. Bd3 Bc5 6. Nb3 Ba7 7. O-O Nc6 8. Qg4 Nf6 9. Qxg7 Rg8 10. Qh6 Ne5 11. Be2 b5 12. Bg5 Rg6 13. Qh4 Bb7 14. N1d2 Qe7 15. a4 b4 16. Na5 O-O-O 17. Nxb7 Kxb7 18.
Nf3 Rc8 19. Nxe5 Rxg5 20. Qxg5 Rg8 21. Qf4 Bb8 22. Rad1 d5 23. exd5 Nxd5 24. Qe4 Qg5 25. Rxd5 exd5 26. Qxd5+ Kc8 27. Qd7# 1-0

[Event "*** Titled Tuesday Blitz"]
[Site "Chess.com"]
[Date "2020.04.14"]
[Round "9"]
[White "PchelkinVK"]
[Black "Olga_Zhuravleva"]
[Result "1-0"]
[WhiteElo "2432"]
[BlackElo "2224"]
[TimeControl "180+1"]
[EndTime "11:40:19 PDT"]
[Termination "PchelkinVK won by resignation"]

1. d4 g6 2. Nc3 Bg7 3. e4 d6 4.
f4 Nd7 5. Nf3 c6 6. Be3 b5 7. e5 Qa5 8. Qd2 Bb7 9. Bd3 Nh6 10.
h3 O-O-O 11. O-O Nf5 12. Bf2 h5 13. Ng5 Rdf8 14. Rfe1 dxe5 15. dxe5 e6 16. Rad1 Nb6 17. Nce4 Nd5 18. Qxa5 1-0

[Event "*** Titled Tuesday Blitz"]
[Site "Chess.com"]
[Date "2020.04.14"]
[Round "9"]
[White "IMTominho"]
[Black "temiksmozg"]
[Result "0-1"]
[WhiteElo "2820"]
[BlackElo "2672"]
[TimeControl "180+1"]
[EndTime "11:40:22 PDT"]
[Termination "temiksmozg won by resignation"]

1. d4 d5 2. Bg5 c6 3. e3 h6 4.
Bh4 Qb6 5. Qc1 e5 6. dxe5 Qb4+ 7. Nd2 Qxh4 8. Ngf3 Qe7 9. c4 Nd7 10. cxd5 Nxe5 11.
Nxe5 Qxe5 12. dxc6 Nf6 13. Be2 Bb4 14. Bf3 O-O 15.
O-O Bxd2 16. Qxd2 bxc6 17. Bxc6 Rb8 18. b3 Ng4 19. g3 Qh5 20. h4 Ne5 21. Bg2 Bb7 22. Qd1 Nf3+ 23. Kh1 Rfd8 24. Qe2 Rd2 25. Qc4 Rbd8 26. a4 Qf5 27. e4 Bxe4 28. Rae1 Ba8 29.
Re3 Ne5 0-1

[Event "*** Titled Tuesday Blitz"]
[Site "Chess.com"]
[Date "2020.04.14"]
[Round "9"]
[White "Biranidun"]
[Black "ahappypawn"]
[Result "1-0"]
[WhiteElo "2637"]
[BlackElo "2320"]
[TimeControl "180+1"]
[EndTime "11:40:24 PDT"]
[Termination "Biranidun won by checkmate"]

1. e4 g6 2. d4 Bg7 3. Nc3 d6 4. f4 c6 5. Nf3 b5 6. Bd3 b4 7. Ne2 a5 8. a3 bxa3 9. Rxa3 Ba6 10. O-O e6 11. f5 gxf5 12. exf5 Nf6 13. fxe6 fxe6 14.
Nf4 Bc8 15. Ng5 e5 16. dxe5 dxe5 17. Nfe6 Bxe6 18. Nxe6 Qe7 19. Bc4 Na6 20. Rxa5 Nd5 21. Bxd5 cxd5 22. Qxd5 Ra7 23. Bg5 Qd7 24. Nxg7+ Qxg7 25.
Qd8# 1-0

[Event "*** Titled Tuesday Blitz"]
[Site "Chess.com"]
[Date "2020.04.14"]
[Round "9"]
[White "Niklas2304"]
[Black "ecwinslow"]
[Result "0-1"]
[WhiteElo "2392"]
[BlackElo "2117"]
[TimeControl "180+1"]
[EndTime "11:40:24 PDT"]
[Termination "ecwinslow won by resignation"]

1. e4 c5 2. Nf3 d6 3. d4 cxd4 4. Nxd4 Nf6 5. Nc3 g6 6. Be3 Bg7 7. Be2 O-O 8. Qd2 Nc6 9. O-O-O Nxd4 10. Bxd4 Be6 11. h4 h5 12. f4 Qa5 13. f5 gxf5 14.
Qg5 Rfc8 15. Rh3 Kh7 16. Be3 Rxc3 17. bxc3 Qa3+ 18. Kb1 Nxe4 19. Qxh5+ Kg8 0-1

[Event "*** Titled Tuesday Blitz"]
[Site "Chess.com"]
[Date "2020.04.14"]
[Round "9"]
[White "TreinadorBR"]
[Black "Qingdom"]
[Result "0-1"]
[WhiteElo "2341"]
[BlackElo "2105"]
[TimeControl "180+1"]
[EndTime "11:40:24 PDT"]
[Termination "Qingdom won by resignation"]

1. e4 c5 2. Nf3 Nc6 3. d4 cxd4 4. Nxd4 e5 5. Nb5 d6 6. N1c3 a6 7. Na3 Be7 8. Nd5 Nf6 9. Bd3 b5 10. c3 Be6 11. Nxf6+ Bxf6 12. O-O O-O 13. Nc2 d5 14. Ne3 d4 15. cxd4 exd4 16. Nf5 Qd7 17. Ng3 Ne5 18. h3 Nxd3 19. Qxd3 Bc4 20. Qf3 Bxf1 21. Kxf1 d3 22.
Nh5 Be5 23. Bf4 Bxf4 24. Qxf4 Qd4 25. Rd1 Rfd8 26. Rd2 Rac8 27. g4 Rc2 28. Kg2 Rxd2 29. Qxd2 Qxe4+ 30. Kh2 Rc8 31. Qg5 Qg6 32. Qe3 h6 33. Nf4 Qd6 0-1

[Event "*** Titled Tuesday Blitz"]
[Site "Chess.com"]
[Date "2020.04.14"]
[Round "9"]
[White "GigaQuparadze"]
[Black "exoticprincess"]
[Result "1-0"]
[WhiteElo "2935"]
[BlackElo "2843"]
[TimeControl "180+1"]
[EndTime "11:40:25 PDT"]
[Termination "GigaQuparadze won by resignation"]

1. e4 c6 2. d4 d5 3. Nc3 dxe4 4. Nxe4 Nf6 5. Nxf6+ exf6 6. c3 Bd6 7. Bd3 O-O 8. Qc2 Re8+ 9. Ne2 h5 10. O-O Qc7 11. h3 Nd7 12. Ng3 c5 13. Nxh5 b6 14. Bh6 gxh6 15.
Bc4 Kh8 16. Bxf7 Rf8 17. Qg6 Rxf7 18. Qxf7 Nf8 19. Qxf6+ Kg8 20. Qxh6 Bb7 21. Rae1 Rd8 22. d5 Bc8 23. Re4 Bf5 24. Qg5+ Bg6 25. Nf4 Bxf4 26. Rxf4 Rd6 27. Re1 Qd8 28. Re7 Rxd5 29. Rxf8+ 1-0

[Event "*** Titled Tuesday Blitz"]
[Site "Chess.com"]
[Date "2020.04.14"]
[Round "9"]
[White "DanielDardha2005"]
[Black "KazakhFighter04"]
[Result "0-1"]
[WhiteElo "2571"]
[BlackElo "2722"]
[TimeControl "180+1"]
[EndTime "11:40:29 PDT"]
[Termination "KazakhFighter04 won by resignation"]

1. e4 g6 2. h4 d5 3. h5 dxe4 4.
hxg6 fxg6 5. Nc3 Nf6 6. Qe2 Bg4 7. Qb5+ Bd7 8. Qxb7 Nc6 9. Bb5 Rb8 10. Bxc6 Rxb7 11. Bxb7 c6 12. Ba6 Qb6 13. Bc4 Bf5 14. Nh3 e6 15. b3 Bg7 16. Bb2 O-O 17. O-O-O Nd5 18. Ng5 Nxc3 19. dxc3 Qxf2 20. Nxe6 Bxe6 21. Bxe6+ Kh8 22.
Rd7 e3 23. c4 Qf1+ 24. Rxf1 Rxf1+ 25. Rd1 e2 26. Bxg7+ Kxg7 27. Re1 Rxe1+ 28. Kd2 Rc1 29. Kxe2 Rxc2+ 30. Kf3 Rxa2 31. c5 Rc2 32. b4 Rb2 33. Bd7 Rxb4 34. Bxc6 Rc4 0-1

[Event "*** Titled Tuesday Blitz"]
[Site "Chess.com"]
[Date "2020.04.14"]
[Round "9"]
[White "Vojtastr"]
[Black "mjray79"]
[Result "0-1"]
[WhiteElo "2468"]
[BlackElo "2287"]
[TimeControl "180+1"]
[EndTime "11:40:29 PDT"]
[Termination "mjray79 won by resignation"]

1. c4 Nf6 2. Nc3 g6 3. e4 d6 4.
d4 Bg7 5. Nf3 O-O 6. Be2 e5 7.
d5 a5 8. Bg5 Na6 9. Nd2 Qe8 10.
O-O Nc5 11. Be3 b6 12. a3 a4 13. Bxc5 bxc5 14. Nxa4 Qxa4 15. b3 Qe8 16. b4 cxb4 17.
axb4 Bd7 18. Qc2 Ba4 19. Qc3 Qd7 20. c5 dxc5 21. bxc5 c6 22. d6 Rfb8 23. Ra3 Bb5 24.
Rxa8 Rxa8 25. Bxb5 cxb5 26. Qb4 Ra4 27. Qb3 Nxe4 28.
Nxe4 Rxe4 29. Rb1 Rc4 30. Qa3 Qc6 31. g3 Rxc5 32. d7 Rd5 33. Rc1 Qxd7 34. Qa8+ Bf8 35.
Rc8 Rd1+ 36. Kg2 Qd5+ 0-1

[Event "*** Titled Tuesday Blitz"]
[Site "Chess.com"]
[Date "2020.04.14"]
[Round "9"]
[White "LionTheLeon_06"]
[Black "Kimster98"]
[Result "0-1"]
[WhiteElo "2658"]
[BlackElo "2556"]
[TimeControl "180+1"]
[EndTime "11:40:30 PDT"]
[Termination "Kimster98 won by resignation"]

1. d4 Nf6 2. c4 e6 3. Nc3 Bb4 4. e3 O-O 5. Bd3 d5 6. a3 Bxc3+ 7. bxc3 e5 8. dxe5 dxc4 9. Be2 Qxd1+ 10. Bxd1 Ne4 11.
Ne2 Nd7 12. f3 Nec5 13. f4 Nd3+ 14. Kd2 N7c5 15. Nd4 Ne4+ 16. Kc2 c5 17. Nb5 Bd7 18. a4 a6 19. Nc7 Rad8 20. Bf3 Nef2 21. Ba3 Bxa4+ 22. Kb1 Nxh1 23. Nd5 Nhf2 24. g4 Nd1 0-1

[Event "*** Titled Tuesday Blitz"]
[Site "Chess.com"]
[Date "2020.04.14"]
[Round "9"]
[White "Jojo_1608"]
[Black "RaphCamora"]
[Result "0-1"]
[WhiteElo "2235"]
[BlackElo "2418"]
[TimeControl "180+1"]
[EndTime "11:40:32 PDT"]
[Termination "RaphCamora won by resignation"]

1. d4 d5 2. c4 e6 3. Nc3 c6 4. Nf3 dxc4 5. e3 b5 6. a4 Bb4 7.
Bd2 a5 8. axb5 Bxc3 9. Bxc3 cxb5 10. b3 Bb7 11. bxc4 b4 12. Bd2 Nf6 13. Bd3 O-O 14.
O-O Nbd7 15. Re1 Ne4 16. Qc2 Ndf6 17. Bc1 Qc7 18. Ne5 Nc5 19. Bf1 Ncd7 20. Nf3 Be4 21. Bd3 Bxd3 22. Qxd3 a4 23. e4 e5 24. dxe5 Nxe5 25. Nxe5 Qxe5 26. Rb1 Rfd8 27. Qf3 a3 28. Rxb4 a2 29. Rb5 a1=Q 0-1

[Event "*** Titled Tuesday Blitz"]
[Site "Chess.com"]
[Date "2020.04.14"]
[Round "9"]
[White "Sjakkerntobi"]
[Black "DucksParadise"]
[Result "0-1"]
[WhiteElo "2225"]
[BlackElo "2118"]
[TimeControl "180+1"]
[EndTime "11:40:37 PDT"]
[Termination "DucksParadise won by checkmate"]

1. e4 d5 2. exd5 Qxd5 3. Nf3 Nc6 4. Be2 Bg4 5. d4 O-O-O 6. c4 Qf5 7. Be3 e5 8. d5 e4 9. Nd4 Bxe2 10. Qxe2 Nxd4 11. Bxd4 Kb8 12. Nc3 Nf6 13. O-O c6 14. Rfd1 cxd5 15. cxd5 Nxd5 16. Nxd5 Rxd5 17. Rac1 Bd6 18. Qd3 exd3 19.
Be3 Rc8 20. Ra1 Rc2 21. g3 d2 22. Kg2 Qe4+ 23. Kg1 Qf3 24. a3 Bc5 25. Bxc5 Rdxc5 26. Rf1 Rc1 27. b4 Rxf1+ 28. Rxf1 Rc1 29. Re1 Rxe1# 0-1

[Event "*** Titled Tuesday Blitz"]
[Site "Chess.com"]
[Date "2020.04.14"]
[Round "9"]
[White "Arencibia"]
[Black "Carnivoras"]
[Result "1-0"]
[WhiteElo "2499"]
[BlackElo "2616"]
[TimeControl "180+1"]
[EndTime "11:40:39 PDT"]
[Termination "Arencibia won by resignation"]

1. d4 d5 2. c4 e6 3. Nc3 c6 4. e4 dxe4 5. Nxe4 Bb4+ 6. Bd2 Qxd4 7. Bxb4 Qxe4+ 8. Ne2 Na6 9. Bf8 Ne7 10. Bxg7 Rg8 11.
Qd4 Qxd4 12. Bxd4 Bd7 13. Ng3 c5 14. Bf6 Bc6 15. O-O-O Rg6 16. Be5 Nb8 17. Bd3 f5 18. f3 Nd7 19. Bd6 b6 20. Rhe1 Kf7 21. Bxe7 Kxe7 22.
Nxf5+ Kf6 23. Ne3 Rg7 24. Ng4+ Kf7 25. Be4 Rg5 1-0

[Event "*** Titled Tuesday Blitz"]
[Site "Chess.com"]
[Date "2020.04.14"]
[Round "9"]
[White "flomarechot"]
[Black "JesseFebruary"]
[Result "0-1"]
[WhiteElo "2139"]
[BlackElo "1779"]
[TimeControl "180+1"]
[EndTime "11:40:39 PDT"]
[Termination "JesseFebruary won by checkmate"]

1. d4 Nf6 2. c4 e6 3. Nc3 d5 4. cxd5 Nxd5 5. Nxd5 Qxd5 6. Nf3 c5 7. e3 Nc6 8. Bb5 a6 9. Bxc6+ bxc6 10. O-O Bb7 11. Ne5 cxd4 12. exd4 c5 13. f3 cxd4 14. Qa4+ Qb5 15.
Qxd4 Bc5 16. Nxf7 Bxd4+ 17. Kh1 Qxf1# 0-1

[Event "*** Titled Tuesday Blitz"]
[Site "Chess.com"]
[Date "2020.04.14"]
[Round "9"]
[White "smshk35"]
[Black "NFChess13"]
[Result "1-0"]
[WhiteElo "2292"]
[BlackElo "2419"]
[TimeControl "180+1"]
[EndTime "11:40:45 PDT"]
[Termination "smshk35 won by resignation"]

1. e4 c5 2. Nf3 e6 3. d3 Nc6 4. Nbd2 g6 5. g3 Bg7 6. Bg2 Nge7 7. O-O O-O 8. c3 d5 9. Qe2 Qc7 10. Re1 h6 11. a4 b6 12. exd5 exd5 13. c4 Be6 14. Nb3 Rfe8 15. Bf4 Qd7 16. a5 Nf5 17.
axb6 axb6 18. Rxa8 Rxa8 19. Ne5 Nxe5 20. Bxe5 Rd8 21.
Bxg7 Nxg7 22. Nd2 Nf5 23. Nf3 Kh7 24. Ne5 Qa7 25. Nc6 Qd7 26. Nxd8 Qxd8 27. cxd5 Bxd5 28. Qe8 Qd6 29. Qe5 Qxe5 30. Rxe5 Bxg2 31. Kxg2 Kg7 32. b4 Kf6 33. f4 cxb4 34. Rb5 Ke6 35. Rxb6+ Kd5 36.
Rxb4 h5 37. Kf3 Nd4+ 38. Rxd4+ Kxd4 39. Ke2 f6 40. Kd2 g5 41. fxg5 fxg5 42. Ke2 g4 43. Kd2 1-0

[Event "*** Titled Tuesday Blitz"]
[Site "Chess.com"]
[Date "2020.04.14"]
[Round "9"]
[White "IvanRadivojevic"]
[Black "peixe64"]
[Result "1/2-1/2"]
[WhiteElo "2505"]
[BlackElo "2322"]
[TimeControl "180+1"]
[EndTime "11:40:46 PDT"]
[Termination "Game drawn by repetition"]

1. e4 e5 2. Nf3 Nc6 3. Bc4 Nf6 4.
d3 Bc5 5. Nbd2 d6 6. c3 O-O 7.
O-O a5 8. a4 Be6 9. Re1 Re8 10.
Nf1 Ba7 11. Ng3 h6 12. Bb5 Ng4 13. Re2 Rf8 14. h3 Nf6 15. Bxc6 bxc6 16. d4 Bc4 17. Re1 Re8 18. Nf5 Qb8 19. dxe5 dxe5 20. Bxh6 gxh6 21. Qd2 Re6 22. Qxh6 Ne8 23. Qg5+ Kf8 24. Rad1 Qxb2 25.
Nxe5 Qxf2+ 26. Kh1 Rxe5 27. Qh6+ Kg8 28. Qg5+ Kf8 29. Qh6+ Kg8 30. Qg5+ Kf8 1/2-1/2

[Event "*** Titled Tuesday Blitz"]
[Site "Chess.com"]
[Date "2020.04.14"]
[Round "9"]
[White "Eloist"]
[Black "mapebo94"]
[Result "0-1"]
[WhiteElo "2243"]
[BlackElo "2058"]
[TimeControl "180+1"]
[EndTime "11:40:49 PDT"]
[Termination "mapebo94 won by resignation"]

1. e4 e6 2. d4 d5 3. Nd2 c5 4. Ngf3 dxe4 5. Nxe4 cxd4 6. Nxd4 e5 7. Nb5 Qxd1+ 8.
Kxd1 Na6 9. Ned6+ Bxd6 10. Nxd6+ Ke7 11. Nxc8+ Rxc8 12. Be3 Nc5 13. c3 f5 14. f3 Nf6 15.
Kc2 Rhd8 16. Be2 f4 17. Bf2 g5 18. h4 h6 19. hxg5 hxg5 20. Rad1 Ne6 21. Rxd8 Rxd8 22. Bc4 e4 23. fxe4 Nxe4 24. Rh7+ Kf6 25. Rh6+ Kg7 26. Rxe6 Nxf2 27. Re7+ Kg6 28. Rxb7 Ne4 29.
Bd3 Rxd3 30. Re7 Rd2+ 31. Kc1 Re2 32. Rxa7 Rxg2 33. a4 f3 34. Ra6+ Nf6 0-1

[Event "*** Titled Tuesday Blitz"]
[Site "Chess.com"]
[Date "2020.04.14"]
[Round "9"]
[White "AlanZhang"]
[Black "Oleg_Papayan"]
[Result "1-0"]
[WhiteElo "2194"]
[BlackElo "2346"]
[TimeControl "180+1"]
[EndTime "11:40:50 PDT"]
[Termination "AlanZhang won by resignation"]

1. e4 e5 2. Nf3 Nc6 3. Bb5 f5 4. Bxc6 bxc6 5. Nxe5 Qf6 6. d4 fxe4 7. Nc3 d5 8. O-O Bb4 9. f3 Ba6 10. Rf2 e3 11. Bxe3 Ne7 12. a3 Bd6 13. f4 Nf5 14. Qf3 Nxe3 15. Qxe3 O-O 16. Nd7 Qf5 17. Nxf8 Qxf8 18.
Re1 Rb8 19. b4 Bc8 20. Qe8 Bf5 21. Qxc6 Kh8 22. Nxd5 a5 23. Rfe2 Bg6 24. b5 h5 25.
b6 cxb6 26. Re6 1-0

[Event "*** Titled Tuesday Blitz"]
[Site "Chess.com"]
[Date "2020.04.14"]
[Round "9"]
[White "enriquetejedor"]
[Black "ambaixador"]
[Result "1-0"]
[WhiteElo "2562"]
[BlackElo "2387"]
[TimeControl "180+1"]
[EndTime "11:40:51 PDT"]
[Termination "enriquetejedor won by resignation"]

1. e4 c5 2. Nf3 e6 3. b4 cxb4 4. a3 bxa3 5. d4 d5 6. e5 Ne7 7.
Bxa3 Nec6 8. Bxf8 Kxf8 9. Na3 Nd7 10. Nb5 Nb6 11. c3 Qe7 12. Bd3 g6 13. h4 h5 14.
Rg1 a6 15. Nd6 Rb8 16. g4 hxg4 17. Rxg4 Bd7 18. Ng5 Be8 19. Qf3 Nd8 20. Bxg6 Nc4 21. Nh7+ Kg7 22. Bd3+ 1-0

[Event "*** Titled Tuesday Blitz"]
[Site "Chess.com"]
[Date "2020.04.14"]
[Round "9"]
[White "GM4life"]
[Black "MergenKakabaev"]
[Result "0-1"]
[WhiteElo "2203"]
[BlackElo "2458"]
[TimeControl "180+1"]
[EndTime "11:40:53 PDT"]
[Termination "MergenKakabaev won by resignation"]

1. e4 e5 2. Nf3 Nc6 3. Bb5 a6 4. Ba4 Nf6 5. O-O Be7 6. Re1 b5 7. Bb3 d6 8. c3 O-O 9. h3 Na5 10. Bc2 c5 11. d4 Qc7 12. Nbd2 c4 13. Nf1 Qc6 14. Ng3 Qc7 15. Bg5 h6 16. Be3 Nc6 17. Qd2 Nh7 18. a4 Rb8 19. b3 cxb3 20.
Bxb3 Na5 21. Ba2 bxa4 22. Rab1 Nb3 23. Bxb3 axb3 24. dxe5 dxe5 25. Qd5 Be6 26. Qxe5 Bd6 27. Qh5 Bxg3 28. fxg3 Qxg3 29. Bf2 Qg6 30. Qa5 Ng5 31.
Nd4 Nxh3+ 32. Kf1 Bc4+ 33. Ne2 Nf4 34. g3 Nxe2 35. Rxe2 Qg4 36. Re1 b2 0-1

[Event "*** Titled Tuesday Blitz"]
[Site "Chess.com"]
[Date "2020.04.14"]
[Round "9"]
[White "CarlosAlbornoz"]
[Black "Korchmar_Vasiliy"]
[Result "1-0"]
[WhiteElo "2706"]
[BlackElo "2530"]
[TimeControl "180+1"]
[EndTime "11:40:54 PDT"]
[Termination "CarlosAlbornoz won on time"]

1. e4 c5 2. Nf3 d6 3. d4 cxd4 4.
Nxd4 Nf6 5. Nc3 Nc6 6. Bg5 e6 7.
Qd2 a6 8. O-O-O h6 9. Nxc6 bxc6 10. Bf4 d5 11. Be2 Bb4 12. Qe3 O-O 13. e5 Nd7 14.
h4 f6 15. exf6 Qxf6 16. Bg3 e5 17. a3 d4 18. Ne4 Qf7 19. Qb3 Qxb3 20. cxb3 Nc5 21.
Bc4+ Kh8 22. Nd6 Nxb3+ 23. Bxb3 Bxd6 24. Rhe1 Rb8 25. Bc4 a5 26. Bxe5 Bxe5 27. Rxe5 Rxf2 28. Re8+ Kh7 29. Bd3+ g6 30. Rde1 h5 31. R1e7+ 1-0